 Dungeon Crawl Stone Soup version 0.27.0-1-g7a089689b8 (webtiles) character file.

Game seed: 16575141050786972022

120 trckry the Firebug (level 4, -1/24 HPs)
             Began as a Deep Elf Fire Elementalist on Aug 8, 2021.
             Succumbed to a scorpion's poison
             ... on level 3 of the Dungeon.
             The game lasted 00:03:00 (2352 turns).

trckry the Firebug (Deep Elf Fire Elementalist)     Turns: 2352, Time: 00:03:00

Health: -1/24      AC:  4    Str:  6    XL:     4   Next: 75%
Magic:  7/12       EV: 12    Int: 20    God:
Gold:   74         SH:  0    Dex: 15    Spells: 10/11 levels left

rFire    . . .     SeeInvis .   (no weapon)
rCold    . . .     Faith    .   (no shield)
rNeg     . . .     Spirit   .   a - +1 robe
rPois    .         Reflect  .   b - +0 helmet
rElec    .         Harm     .   (no cloak)
rCorr    .         Rampage  .   (no gloves)
Will     .....                  (no boots)
Stlth    ++........             (no amulet)
HPRegen  0.08/turn              (no ring)
MPRegen  0.13/turn              (no ring)

@: lethally poisoned (-1 -> -19)
A: no striking features
a: no special abilities


You were on level 3 of the Dungeon.
You visited 1 branch of the dungeon, and saw 3 of its levels.

You collected 74 gold pieces.

Inventory:

Armour
 a - a +1 robe (worn)
 b - a +0 helmet (worn)
Scrolls
 c - a scroll of enchant armour
 e - a scroll of vulnerability
 g - a scroll of fear {unknown}


   Skills:
 - Level 2.4 Dodging
 - Level 2.4 Stealth
 + Level 4.0 Spellcasting
 * Level 3.3 Conjurations
 * Level 4.6 Fire Magic


You had 10 spell levels left.
You knew the following spells:

 Your Spells              Type           Power      Damage    Failure   Level
a - Foxfire               Conj/Fire      76%        2x1d7     2%          1

Your spell library contained the following spells:

 Spells                   Type           Power      Damage    Failure   Level
 Conjure Flame            Conj/Fire      19%        6-21      8%          3
 Static Discharge         Conj/Air       10%        N/A       10%         2
 Sting                    Tmut/Pois      16%        1d3       13%         1
 Inner Flame              Hex/Fire       13%        N/A       16%         3
 Poisonous Vapours        Pois/Air       8%         N/A       19%         2
 Slow                     Hex            4%         N/A       19%         2
 Sticky Flame             Conj/Fire      19%        2d4       26%         4
 Confusing Touch          Hex            4%         N/A       36%         3
 Fireball                 Conj/Fire      9%         3d6       56%         5
 Dispel Undead            Necr           4%         3d7       77%         4
 Olgreb's Toxic Radiance  Pois           4%         N/A       77%         4
 Yara's Violent Unravell  Hex/Tmut       2%         3d3       98%         5


Dungeon Overview and Level Annotations

Branches:
Dungeon (3/15)

Altars:


Message History

You conjure some foxfire!
The scorpion barely misses you.
You now have 10/12 mp.
Casting: Foxfire (safe; 2% risk of failure)
Confirm with . or Enter, or press ? or * to list all spells.
You conjure some foxfire!
The foxfire hits the scorpion but does no damage.
The scorpion is moderately wounded.
The foxfire hits the scorpion.
The scorpion is moderately wounded.
The scorpion stings you!
You are lethally poisoned!
The scorpion poisons you!
You take 7 damage, and have 14/24 hp.
MASSIVE DAMAGE!!
You now have 9/12 mp.
Casting: Foxfire (safe; 2% risk of failure)
Confirm with . or Enter, or press ? or * to list all spells.
You conjure some foxfire!
You feel very sick.
The foxfire hits the scorpion.
The scorpion is moderately wounded.
The foxfire hits the scorpion but does no damage.
The scorpion is moderately wounded.
The scorpion stings you.
You are more poisoned.
The scorpion poisons you! The scorpion misses you.
You take 6 damage, and have 8/24 hp.
MASSIVE DAMAGE!!
You now have 8/12 mp.
Casting: Foxfire (safe; 2% risk of failure)
Confirm with . or Enter, or press ? or * to list all spells.
You conjure some foxfire!
* * * LOW HITPOINT WARNING * * *
You feel very sick.
The foxfire hits the scorpion!
The scorpion is severely wounded.
The foxfire hits the scorpion but does no damage.
The scorpion is severely wounded.
The scorpion barely misses you.
You take 5 damage, and have 3/24 hp.
MASSIVE DAMAGE!!
You now have 7/12 mp.
Casting: Foxfire (safe; 2% risk of failure)
Confirm with . or Enter, or press ? or * to list all spells.
You conjure some foxfire!
You die...

....................# #.#..
...#................# #.#.#
.........##.#...##.## #§#.#
#.##.###.##.#.#.##.#####.#.#
........................>..#
#.##.###..#.#+#.....########
##.#.........# #.#.....vs..#
#.#....§@v..# #....<.vv...#
##..###.....# #....).....#
##.###.##### #..##.# ##.##.#
#.##.# ##########.##.#


You could see a scorpion (ally target).

Vanquished Creatures
  Terence (D:2)
  3 adders
  A worm (D:2)
  3 dart slugs (D:1)
  An orc (D:3)
  8 ball pythons
  9 endoplasms
  5 giant cockroaches
  4 hobgoblins
  3 jackals (D:2)
  A kobold (D:2)
  4 quokkas
  3 bats
  2 frilled lizards (D:1)
  3 goblins
  2 rats
53 creatures vanquished.

Vanquished Creatures (others)
  239 foxfires
239 creatures vanquished.

Grand Total: 292 creatures vanquished

Notes
Turn   | Place    | Note
-------+----------+-------------------------------------------
     0 | D:1      | trckry the Deep Elf Fire Elementalist began the quest for
                  | the Orb.
     0 | D:1      | Reached XP level 1. HP: 10/10 MP: 6/6
   180 | D:1      | Reached XP level 2. HP: 15/15 MP: 2/8
   699 | D:2      | Reached XP level 3. HP: 19/19 MP: 2/9
  1575 | D:2      | Noticed Terence
  1578 | D:2      | Reached XP level 4. HP: 24/24 MP: 8/11
  1584 | D:2      | Killed Terence
  2336 | D:3      | Noticed a scorpion
  2351 | D:3      | HP: 3/24 [poisoned by a scorpion]
  2352 | D:3      | Succumbed to a scorpion's poison

Illustrated notes

Levels and vault maps discovered:
D:1:      pf_arrival_petrified_forest, layout_rooms
D:2:      layout_basic, uniq_terence
D:3:      layout_basic

Skill      XL: |  1  2  3  4 |
---------------+-------------+-----
Conjurations   | 2 3 |  3.3
Fire Magic     | 4 |  4.6
Spellcasting   | 4 |  4.0
Dodging        | |  2.4
Stealth        | |  2.4

Action                   |  1- 3 |  4- 6 || total
-------------------------+-------+-------++-------
Melee: Unarmed           |     3 |       ||     3
 Cast: Foxfire           |    90 |    53 ||   143
  Use: Scroll            |     2 |       ||     2
       Potion            |     2 |       ||     2
Armor: Robe              |     8 |       ||     8
Dodge: Dodged            |    27 |     6 ||    33
